 Dungeon Crawl Stone Soup version 0.21.1-1-g345015f (webtiles) character file.

2191 smiqu the Frost Mage (level 9, 0/56 HPs)
             Began as an Octopode Ice Elementalist on July 19, 2018.
             Was a Believer of Sif Muna.
             Slain by a troll (6 damage)
             ... on level 8 of the Dungeon.
             The game lasted 00:36:29 (8196 turns).

smiqu the Frost Mage (Octopode Ice Elementalist)    Turns: 8196, Time: 00:36:30

Health: 0/56       AC:  8    Str: 10    XL:     9   Next: 33%
Magic:  1/14       EV: 13    Int: 18    God:    Sif Muna [**....]
Gold:   396        SH:  0    Dex: 12    Spells: 3/15 levels left

rFire    + . .     SeeInvis .   A - +1 dagger (speed)
rCold    . . .     Gourm    .   (no shield)
rNeg     . . .     Faith    .   (helmet restricted)
rPois    .         Spirit   .   (no amulet)
rElec    .         Reflect  .   g - ring of protection from magic
rCorr    .         Harm     .   G - ring of protection from fire
MR       +....                  (no ring)
Stlth    +++.......             (no ring)
HPRegen  0.18/turn              (no ring)
MPRegen  0.14/turn              (no ring)
                                (no ring)
                                (no ring)

@: icy armour, very slightly contaminated, divine energy, slow
A: almost no armour, stealthy swim, amphibious, 8 rings, constrict 8, camouflage
1, gelatinous body 1
a: Stop Divine Energy, Renounce Religion


You were on level 8 of the Dungeon.
You worshipped Sif Muna.
Sif Muna was pleased with you.
You were hungry.

You visited 2 branches of the dungeon, and saw 9 of its levels.

You collected 396 gold pieces.

Inventory:

Hand Weapons
 u - a +2 dagger of venom
 A - a +1 dagger of speed (weapon)
Jewellery
 g - a ring of protection from magic (left tentacle)
 G - a ring of protection from fire (right tentacle)
Wands
 d - a wand of flame (3)
 x - a wand of iceblast (17)
 B - a wand of scattershot (3)
 D - a wand of paralysis (14)
 F - a wand of disintegration (5)
Scrolls
 c - a scroll of fog {unknown}
 f - 4 scrolls of identify
 m - 2 scrolls of enchant weapon {unknown}
 o - a scroll of magic mapping {unknown}
 p - a scroll of amnesia
 r - a scroll of remove curse
 s - a scroll of fear {unknown}
 t - a scroll of blinking {unknown}
 v - 2 scrolls of immolation {unknown}
 w - a scroll of random uselessness {unknown}
 y - 2 scrolls of noise {unknown}
 E - a scroll of teleportation
Potions
 e - a potion of curing
 h - a potion of lignification {unknown}
 i - a potion of might {unknown}
 j - 2 potions of degeneration
 k - a potion of invisibility {unknown}
 l - a potion of brilliance {unknown}
 n - a potion of agility {unknown}
 q - a potion of ambrosia {unknown}
 z - 2 potions of heal wounds {unknown}
 C - a potion of magic {unknown}
Books
 a - a book of Frost

   Spells                             Type                      Level
   a - Freeze                         Ice                          1
   b - Throw Frost                    Conjuration/Ice              2
   c - Ozocubu's Armour               Charms/Ice                   3
   d - Throw Icicle                   Conjuration/Ice              4
   e - Summon Ice Beast               Ice/Summoning                4
 H - a book of Misfortune

   Spells                             Type                      Level
   a - Confusing Touch                Hexes                        1
   b - Confuse                        Hexes                        3
   c - Gell's Gravitas                Translocation                3
   d - Petrify                        Transmutation/Earth          4
   e - Metabolic Englaciation         Hexes/Ice                    5
   f - Yara's Violent Unravelling     Hexes/Transmutation          5
Comestibles
 b - 11 rations


   Skills:
 - Level 3.0 Fighting
 + Level 1.8 Short Blades
 - Level 2.0 Dodging
 - Level 4.1 Stealth
 + Level 3.7 Spellcasting
 + Level 2.5 Conjurations
 - Level 4.1 Charms
 + Level 5.2 Summonings
 + Level 8.2 Ice Magic


You had 3 spell levels left.
You knew the following spells:

 Your Spells              Type           Power        Failure   Level  Hunger
a - Freeze                Ice            ####         1%          1    None
b - Ozocubu's Armour      Chrm/Ice       ####....     3%          3    ###....
c - Summon Ice Beast      Ice/Summ       ####....     10%         4    ####...
d - Throw Icicle          Conj/Ice       ###.....     17%         4    ####...


Dungeon Overview and Level Annotations

Branches:
Dungeon (8/15)             Temple (1/1) D:4            Lair (0/6) D:8

Altars:
Ashenzari
Cheibriados
Dithmenos
Elyvilon
Fedhas
Gozag
Hepliaklqana
Kikubaaqudgha
Makhleb
Okawaru
Qazlal
Ru
Sif Muna
Trog
Uskayaw
Vehumet
Wu Jian
Yredelemnul
Zin
The Shining One

Shops:
D:4 *

Annotations:
D:5 aaksess's ghost, novice DrEE


Innate Abilities, Weirdness & Mutations

You cannot wear most types of armour.
You are very stealthy in the water. (Stealth+)
You are amphibious.
You can wear up to eight rings at the same time.
You can use your tentacles to constrict eight enemies at once.
Your skin changes colour to match your surroundings (Stealth+).
Your rubbery body absorbs attacks. (AC +1, EV +1)


Message History

A chill wind blows around you.
Casting: Summon Ice Beast
Confirm with . or Enter, or press ? or * to list all spells.
A film of ice covers your body! Sif Muna grants you divine energy.
You briefly lose access to your magic!
Your ice beast hits the troll.
Your ice beast freezes the troll!
You regain access to your magic.
Your ice beast misses the troll.
Your ice beast hits the troll but does no damage. x2
The troll bites you! The troll claws you!
* * * LOW HITPOINT WARNING * * *
The troll closely misses you.
Your ice beast hits the troll but does no damage.
You closely miss the troll.
The troll is moderately wounded.
The troll bites you!
* * * LOW HITPOINT WARNING * * *
The troll claws you.
You die...

####...........................≈.
..##.............................
..##...........÷..............≈≈≈
..............................≈≈≈
..##......)...................≈≈≈
..##.......÷..................≈≈≈
..##..........................;≈≈
..##..........................≈≈≈
..##............@.Y............≈≈
####.............TY.......####..≈
###.......................# #..≈
#..#.†....................# #.≈.
.###......................# #...
####......................# ..≈≈
###.......................# ....
..........................# #....
.......#################### .....


You could see a troll and 2 friendly ice beasts.

Vanquished Creatures
  Menkaure (D:6)
  A sky beast (D:7)
  An orc warrior (D:7)
  An ogre (D:6)
  4 centaurs
  A bullfrog (D:6)
  3 scorpions
  2 vampire bats (D:3)
  A howler monkey (D:8)
  2 crimson imps
  A quasit (D:6)
  4 hounds
  An orc priest (D:5)
  3 orc wizards
  Jessica (D:3)
  3 iguanas
  3 worker ants
  A hound skeleton (D:4)
  4 gnolls (D:2)
  2 adders
  2 oozes
  An adder zombie (D:8)
  5 worms
  A dart slug (D:4)
  4 leopard geckos
  19 orcs
  A bat skeleton (D:3)
  3 bat zombies (D:3)
  9 giant cockroaches
  6 goblins
  7 hobgoblins
  9 jackals
  4 quokkas
  A ball python (D:3)
  9 bats
  9 frilled lizards
  A jackal zombie (D:5)
  8 kobolds
  8 rats
147 creatures vanquished.

Vanquished Creatures (collateral kills)
  A hippogriff (D:7)
  Edmund (D:6)
  An orc warrior (D:7)
  2 ogres (D:8)
  2 howler monkeys (D:8)
  A hound (D:6)
  A jelly (D:6)
  An orc priest (D:7)
  3 orc wizards
  An iguana (D:8)
  A hound zombie (D:8)
  A hound skeleton (D:6)
  A worker ant zombie (D:7)
  A howler monkey skeleton (D:7)
  A worm (D:6)
  10 orcs
29 creatures vanquished.

Grand Total: 176 creatures vanquished

Notes
Turn   | Place    | Note
-------+----------+-------------------------------------------
     0 | D:1      | smiqu the Octopode Ice Elementalist began the quest for the Orb.
     0 | D:1      | Reached XP level 1. HP: 11/11 MP: 3/3
     6 | D:1      | Noticed a polar bear
     6 | D:1      | Noticed an anaconda
     6 | D:1      | Noticed a rime drake
   248 | D:1      | Reached skill level 1 in Fighting
   248 | D:1      | Reached XP level 2. HP: 17/18 MP: 1/5
   690 | D:2      | Reached XP level 3. HP: 14/24 MP: 2/6
   994 | D:2      | Found a stormy altar of Qazlal.
  1388 | D:2      | Found a faded altar of an unknown god.
  1469 | D:2      | Reached skill level 4 in Ice Magic
  1469 | D:2      | Reached XP level 4. HP: 20/30 MP: 3/7
  1605 | D:2      | Learned a level 3 spell: Ozocubu's Armour
  1827 | D:3      | Found an ancient bone altar of Kikubaaqudgha.
  1851 | D:3      | Reached skill level 1 in Charms
  1857 | D:3      | Reached XP level 5. HP: 28/36 MP: 3/8
  2605 | D:3      | Noticed Jessica
  2622 | D:3      | Killed Jessica
  2622 | D:3      | Reached XP level 6. HP: 31/42 MP: 5/9
  2866 | D:3      | Found an opulent altar of Gozag.
  3206 | D:4      | Found a staircase to the Ecumenical Temple.
  3217 | Temple   | Entered the Ecumenical Temple
  3480 | D:4      | Found a radiant altar of Vehumet.
  3500 | D:4      | Reached skill level 5 in Ice Magic
  3648 | Temple   | Became a worshipper of Sif Muna the Loreminder
  3698 | D:4      | Found Yla Neg's Assorted Antiques.
  4083 | D:5      | Entered Level 5 of the Dungeon
  4092 | D:5      | Found a glowing silver altar of Zin.
  4153 | D:5      | Reached XP level 7. HP: 43/46 MP: 8/10
  4190 | D:5      | Found a bloodstained altar of Trog.
  4212 | D:5      | Noticed aaksess's ghost (novice DrEE)
  4895 | D:6      | Reached skill level 6 in Ice Magic
  5021 | D:6      | Learned a level 4 spell: Summon Ice Beast
  5062 | D:6      | Reached * piety under Sif Muna
  5062 | D:6      | Reached skill level 1 in Summonings
  5129 | D:6      | Reached XP level 8. HP: 8/52 MP: 3/11
  5477 | D:6      | Noticed Menkaure
  5496 | D:6      | Noticed Edmund
  5534 | D:6      | Killed Edmund
  5540 | D:6      | Reached skill level 7 in Ice Magic
  5791 | D:6      | Killed Menkaure
  5791 | D:6      | Reached skill level 1 in Short Blades
  6267 | D:7      | Learned a level 4 spell: Throw Icicle
  6298 | D:7      | Reached ** piety under Sif Muna
  6351 | D:7      | Reached XP level 9. HP: 53/56 MP: 2/13
  6847 | D:7      | Reached skill level 5 in Summonings
  6847 | D:7      | Reached skill level 8 in Ice Magic
  8173 | D:8      | Found a staircase to the Lair.
  8173 | D:8      | Noticed a troll
  8196 | D:8      | Slain by a troll

Skill      XL: |  1  2  3  4  5  6  7  8  9 |
---------------+----------------------------+-----
Fighting       | 1 2 3 |  3.0
Ice Magic      | 4 5 6 7 8 |  8.2
Charms         | 1 2 3 4 |  4.1
Stealth        | 3 4 |  4.1
Summonings     | 2 4 5 |  5.2
Short Blades   | 1 |  1.8
Spellcasting   | 3 |  3.7
Conjurations   | 2 |  2.5
Dodging        | |  2.0

Action                   |  1- 3 |  4- 6 |  7- 9 || total
-------------------------+-------+-------+-------++-------
Melee: Short sword       |    55 |    80 |       ||   135
       Unarmed           |     3 |       |       ||     3
       Constrict         |    16 |    41 |    33 ||    90
       Tentacles         |     4 |    20 |    27 ||    51
       Dagger            |       |    62 |   163 ||   225
 Cast: Freeze            |    30 |    14 |    18 ||    62
       Ozocubu's Armour  |       |    13 |    15 ||    28
       Summon Ice Beast  |       |       |    31 ||    31
Invok: Divine Energy     |       |       |     1 ||     1
Evoke: Wand              |       |       |     1 ||     1
  Use: Scroll            |       |     5 |     3 ||     8
       Potion            |       |       |     3 ||     3
 Stab: Sleeping          |     3 |    10 |     7 ||    20
  Eat: Chunk             |     1 |    11 |    13 ||    25
       Ration            |       |       |     3 ||     3
Armor: Skin              |     7 |    39 |    29 ||    75
Dodge: Dodged            |    64 |   131 |   126 ||   321
